 Dungeon Crawl Stone Soup version 0.25.0-15-gac7dcb8919 (webtiles) character file.

Game seed: 79951342708225977

1540510 Matador8 the Slayer (level 27, 253/253 HPs)
             Began as a Naga Earth Elementalist on June 26, 2020.
             Was a High Priest of Yredelemnul.
             Escaped with the Orb
             ... and 3 runes on June 28, 2020!
             The game lasted 14:52:08 (81271 turns).

Matador8 the Slayer (Naga Earth Elementalist)      Turns: 81271, Time: 14:52:08

Health: 253/253    AC: 48    Str: 27    XL:     27
Magic:  37/37      EV: 15    Int: 26    God:    Yredelemnul [*****.]
Gold:   4241       SH: 12    Dex: 16    Spells: 12/47 levels left

rFire    + + .     SeeInvis +   M - +9 eveningstar (drain)
rCold    x . .     Gourm    .   E - +0 kite shield
rNeg     . . .     Faith    .   U - +8 fire dragon scales {Xtahua}
rPois    +         Spirit   .   F - +2 helmet {Int+3}
rElec    .         Reflect  .   p - +2 cloak {rCorr}
rCorr    +         Harm     .   T - +2 pair of gloves {Dex+3}
MR       ++++.                  (no barding)
Stlth    ++........             y - amulet "Laxziug" {Regen+ Str+5}
HPRegen  0.92/turn              k - ring of Robustness {AC+8}
MPRegen  0.25/turn              q - ring of Sin {AC+4 Str+5}

@: very slow
A: large, rugged brown scales 1, see invisible, clever 1, deformed body, frail
1, magic resistance 1, poison resistance, slowness 2, slow metabolism 1, spit
poison 1, constrict 1, sturdy frame 1, AC +9
0: Orb of Zot
}: 3/15 runes: decaying, serpentine, silver
a: Spit Poison, Recall Undead Slaves, Injury Mirror, Animate Dead, Drain Life,
Enslave Soul, Renounce Religion


You escaped.
You worshipped Yredelemnul.
Yredelemnul was extremely pleased with you.
You were not hungry.

You visited 9 branches of the dungeon, and saw 49 of its levels.

You collected 8809 gold pieces.
You spent 4568 gold pieces at shops.

Inventory:

Hand Weapons
 I - a +3 demon whip of venom
 M - a +9 eveningstar of draining (weapon)
Missiles
 f - 1609 stones (quivered)
 D - 3 throwing nets
Armour
 p - a +2 cloak of preservation (worn)
 E - a +0 kite shield (worn)
 F - a +2 helmet of intelligence (worn)
 T - a +2 pair of gloves of dexterity (worn)
 U - +8 fire dragon scales (worn) {Xtahua}
 W - +0 gold dragon scales
Jewellery
 j - an uncursed ring of positive energy
 k - the ring of Robustness (left hand) {AC+8}
   (You found it on level 2 of the Depths)

   [ring of protection]

   It affects your AC (+8).
 q - the ring of Sin (right hand) {AC+4 Str+5}
   (You took it off a deep elf mage on level 5 of the Vaults)

   [ring of protection]

   It affects your AC (+4).
   It affects your strength (+5).
 y - the amulet "Laxziug" (around neck) {Regen+ Str+5}
   (You found it on level 12 of the Dungeon)

   [amulet of regeneration]

   It affects your strength (+5).
   It increases your rate of regeneration.
 A - an uncursed ring of wizardry
 S - the ring "Wobb" {rPois rC+ Int+4 Stlth-}
   (You found it on level 5 of the Depths)

   [ring of poison resistance]

   It affects your intelligence (+4).
   It protects you from cold.
   It protects you from poison.
   It makes you less stealthy.
Wands
 c - a wand of iceblast (22)
 e - a wand of digging (9)
 n - a wand of clouds (23)
 B - a wand of paralysis (8)
 O - a wand of acid (41)
Scrolls
 b - 8 scrolls of amnesia
 g - 6 scrolls of fear
 h - 16 scrolls of identify
 i - 23 scrolls of teleportation
 l - 4 scrolls of fog
 w - 2 scrolls of magic mapping
 x - 14 scrolls of remove curse
 J - 5 scrolls of blinking
 K - 2 scrolls of silence
 P - 2 scrolls of enchant armour
 Q - 3 scrolls of enchant weapon
Potions
 r - 9 potions of stabbing
 t - a potion of magic
 u - 22 potions of curing
 v - a potion of resistance
 C - a potion of brilliance
 H - 2 potions of ambrosia
 L - 3 potions of invisibility
 N - 5 potions of flight
 Z - 7 potions of mutation
Miscellaneous
 z - a phial of floods
 R - 4 boxes of beasts
 V - 7 phantom mirrors
Comestibles
 d - 16 rations


   Skills:
 + Level 21.0 Fighting
   Level 2.0 Short Blades
 - Level 16.0 Maces & Flails
 - Level 10.3 Armour
 - Level 10.6 Dodging
 - Level 11.3 Stealth
 - Level 9.0 Shields
 - Level 10.7 Spellcasting
 - Level 19.3 Conjurations
 - Level 5.1 Translocations
 - Level 6.1 Transmutations
 - Level 19.1 Earth Magic
 - Level 16.3 Invocations
 - Level 6.0 Evocations


You had 12 spell levels left.
You knew the following spells:

 Your Spells              Type           Power        Failure   Level  Hunger
a - Sandblast             Erth           ######       0%          1    None
b - Passwall              Tmut/Erth      ######..     1%          2    None
c - Stone Arrow           Conj/Erth      ######       0%          3    None
d - Lee's Rapid Deconstr  Erth           #######...   1%          5    ####...
e - Petrify               Tmut/Erth      ######..     1%          4    None
f - Apportation           Tloc           #####.       1%          1    None
g - Iron Shot             Conj/Erth      #######...   1%          6    #####..
h - Passage of Golubria   Tloc           N/A          9%          4    None
i - Orb of Destruction    Conj           #######...   2%          7    #######
j - Blink                 Tloc           N/A          1%          2    None

Your spell library contained the following spells:

 Spells                   Type           Power        Failure   Level  Hunger
 Magic Dart               Conj           ####         0%          1    None
 Searing Ray              Conj           ######       0%          2    None
 Beastly Appendage        Tmut           #####.       1%          1    None
 Foxfire                  Conj/Fire      ####         1%          1    None
 Shock                    Conj/Air       ####         1%          1    None
 Sting                    Tmut/Pois      ####         1%          1    None
 Sticks to Snakes         Tmut           #####...     1%          2    None
 Conjure Flame            Conj/Fire      ######..     1%          3    None
 Dazzling Flash           Conj/Hex       ######       1%          3    None
 Mephitic Cloud           Conj/Pois/Air  #####...     1%          3    None
 Static Discharge         Conj/Air       ######..     1%          3    None
 Fulminant Prism          Conj/Hex       ######....   1%          4    None
 Hailstorm                Conj/Ice       ######..     1%          4    None
 Iskenderun's Mystic Bla  Conj/Tloc      ######..     1%          4    None
 Leda's Liquefaction      Hex/Erth       ######....   1%          4    None
 Sticky Flame             Conj/Fire      ######..     1%          4    None
 Bolt of Magma            Conj/Fire/Erth ######....   1%          5    ####...
 Irradiate                Conj/Tmut      ######....   1%          5    ####...
 Gell's Gravitas          Tloc           #####.....   2%          3    None
 Shroud of Golubria       Chrm/Tloc      ####..       3%          2    None
 Fireball                 Conj/Fire      ######....   3%          5    ####...
 Iskenderun's Battlesphe  Conj/Chrm      ######..     3%          5    ####...
 Lightning Bolt           Conj/Air       ######....   3%          5    ####...
 Spider Form              Tmut/Pois      ####......   6%          3    None
 Statue Form              Tmut/Erth      ######...    6%          6    #####..
 Animate Skeleton         Necr           N/A          7%          1    None
 Corona                   Hex            ##.....      7%          1    None
 Freeze                   Ice            ##..         7%          1    None
 Summon Butterflies       Summ           ##......     7%          1    None
 Summon Small Mammal      Summ           ##..         7%          1    None
 Portal Projectile        Hex/Tloc       ####..       8%          3    None
 Recall                   Summ/Tloc      N/A          8%          3    None
 Ignite Poison            Fire/Tmut/Pois ###.....     10%         3    None
 Call Imp                 Summ           ##......     11%         2    None
 Corpse Rot               Necr/Air       N/A          11%         2    None
 Ensorcelled Hibernation  Hex/Ice        ##....       11%         2    None
 Poisonous Vapours        Pois/Air       ##....       11%         2    None
 Slow                     Hex            ##......     11%         2    None
 Sublimation of Blood     Necr           ##........   11%         2    None
 Swiftness                Chrm/Air       ##......     11%         2    None
 Blade Hands              Tmut           #####.....   16%         5    ####...
 Ice Form                 Ice/Tmut       ####....     21%         4    None
 Starburst                Conj/Fire      ######....   21%         6    #####..
 Call Canine Familiar     Summ           ##......     22%         3    None
 Confusing Touch          Hex            ##......     22%         3    None
 Frozen Ramparts          Ice            ##....       22%         3    None
 Inner Flame              Hex/Fire       ##......     22%         3    None
 Ozocubu's Armour         Chrm/Ice       ##......     22%         3    None
 Summon Guardian Golem    Hex/Summ       ##......     22%         3    None
 Tukima's Dance           Hex            ##......     22%         3    None
 Alistair's Intoxication  Tmut/Pois      ####....     50%         5    ####...
 Yara's Violent Unravell  Hex/Tmut       ####......   50%         5    ####...
 Airstrike                Air            ##........   56%         4    None
 Cause Fear               Hex            ##........   56%         4    None
 Dispel Undead            Necr           ##......     56%         4    None
 Olgreb's Toxic Radiance  Pois           ##......     56%         4    None
 Summon Ice Beast         Ice/Summ       ##......     56%         4    None
 Summon Lightning Spire   Summ/Air       ##......     56%         4    None
 Freezing Cloud           Conj/Ice/Air   #####.....   61%         6    #####..
 Hydra Form               Tmut           #####.....   65%         6    #####..
 Spellforged Servitor     Conj/Summ      ######....   75%         7    #######
 Agony                    Necr           ##......     89%         5    ####...
 Excruciating Wounds      Chrm/Necr      ##........   89%         5    ####...
 Metabolic Englaciation   Hex/Ice        ##........   89%         5    ####...
 Summon Mana Viper        Hex/Summ       ##......     89%         5    ####...
 Eringya's Noxious Bog    Tmut/Pois      ####......   97%         6    #####..
 Dragon Form              Tmut           #####.....   99%         7    #######
 Darkness                 Hex            ##........   100%        6    #####..
 Invisibility             Hex            ##......     100%        6    #####..
 Haunt                    Necr/Summ      ##........   100%        7    #######
 Ring of Flames           Chrm/Fire      ##........   100%        7    #######
 Summon Hydra             Summ           ##........   100%        7    #######
 Borgnjor's Revivificati  Necr           ##........   100%        8    #######
 Death's Door             Chrm/Necr      ##........   100%        8    #######
 Discord                  Hex            ##........   100%        8    #######
 Infestation              Necr           ##........   100%        8    #######
 Necromutation            Tmut/Necr      ####......   100%        8    #######


Dungeon Overview and Level Annotations

Branches:
Dungeon (15/15)            Temple (0/1) D:6            Lair (6/6) D:8
  Swamp (4/4) Lair:2        Snake (4/4) Lair:4        Slime (0/5) Lair:5
    Orc (2/2) D:11            Elf (3/3) Orc:2        Vaults (5/5) D:13
  Crypt (0/3) Vaults:2     Depths (5/5) D:15            Zot (5/5) Depths:5

Altars:
Dithmenos
Elyvilon
Fedhas
Hepliaklqana
Kikubaaqudgha
Makhleb
Nemelex Xobeh
Qazlal
Ru
Sif Muna
Trog
Uskayaw
Vehumet
Wu Jian
Xom
Yredelemnul
Zin
Beogh

Shops:
D:5 *   D:11 [   Orc:2 **(}   Elf:1 %   Snake:1 [   Snake:4 [   Vaults:1 :}(*
Vaults:2 (*[(   Vaults:3 [

Portals:
Hell: Depths:1 Depths:2 Depths:3 Depths:4 Depths:5
Abyss: Depths:1 Depths:3 Depths:4
Pandemonium: Depths:1 Depths:3 Depths:5
Ziggurat: Depths:4

Annotations:
D:7 exclusion: downstairs
D:11 2 runed translucent doors, Flugkiller's ghost, novice SpEn
D:14 2 transporters, Cofimnas's ghost, journeyman FoFi
Lair:1 exclusion: 2 centaurs
Lair:2 exclusion: oklob plant
Snake:4 Roxanne
Vaults:2 exclusion: door
Depths:1 exclusion: 2 doors
Depths:4 1 transporter, 1 exclusion
Depths:5 exclusion: 4 doors
Zot:5 exclusions: 2 doors and obsidian statue


Innate Abilities, Weirdness & Mutations

You cannot wear boots.
Your serpentine skin is tough. (AC +9)
You have supernaturally acute eyesight. (SInv)
Armour fits poorly on your strangely shaped body.
Your system is resistant to poisons. (rPois)
You cover ground very slowly.
You have a slow metabolism.
You can spit poison.
You can use your snake-like lower body to constrict enemies.
You are partially covered in rugged brown scales. (AC +1, +3% HP)
Your mind is acute. (Int +2)
You are frail. (-10% HP)
You are resistant to hostile enchantments. (MR+)
Your movements are slightly less encumbered by armour. (ER -2)


Message History

Casting: Passwall (safe; 1% risk of failure)
Confirm with . or Enter, or press ? or * to list all spells.
Aiming: Passwall (safe; 1% risk of failure)
Press: ? - help, Dir - move target cursor You can't see that place. [the floor.]
You begin to meditate on the wall.
You continue meditating on the rock. x2
You finish merging with the rock.
A rust devil comes into view.
The rust devil screeches!
You block the rust devil's attack. The rust devil completely misses you.
There is a staircase leading out of the dungeon here.
You barely miss the rust devil. You grab the rust devil.
You constrict the rust devil. The rust devil misses you.
You perforate the rust devil like a sieve!!!
You kill the rust devil!
Yredelemnul accepts your kill.
Your Fighting skill increases to level 21!
There is a staircase leading out of the dungeon here.
You have escaped!

#.#.##.#.#.# #..........#
#.#....#.#.###..........##
##.######.#...'...........#
#.........#####...........#
##.####..#..#
#.....#####.###
#≈..........# #.....# #....
#≈§..≈§.....####.....#
#####
#≈.≈≈≈≈≈≈......#.....#
#≈§≈§§§≈≈...#@.#.....#
#≈§≈≈≈§§≈≈..##.#######
#≈≈§§≈§§≈≈.....#
#≈§§§≈≈≈≈≈§§...#
#≈≈§≈≈≈≈≈≈≈....#
#§≈§§§≈§≈≈§§...#
#§≈≈≈≈§≈≈§§....#
≈§§≈≈§§§§§.# ≈≈≈§≈§≈§≈..#


There were no monsters in sight!

Vanquished Creatures
  A seraph (Depths:4)
  5 ancient liches (Zot:5)
  4 orbs of fire
  Mara (Elf:3)
  Sojobo (Vaults:4)
  4 Killer Klowns (Zot:5)
  Xtahua (Vaults:3)
  Saint Roka (Vaults:4)
  6 golden dragons
  Nikola (Elf:1)
  3 electric golems
  A Brimstone Fiend (Zot:4)
  5 liches
  6 tentacled monstrosities
  5 quicksilver dragons
  20 Orb Guardians
  A titan (Depths:3)
  3 deep elf blademasters (Elf:3)
  4 deep elf master archers (Elf:3)
  5 death cobs
  3 sphinxes
  10 tengu reavers
  10 storm dragons
  An ancient champion (Vaults:2)
  3 thorn hunters (Swamp:3)
  7 shadow dragons
  7 draconian monks
  2 fire giants
  3 frost giants
  5 draconian knights
  An iron dragon (Depths:2)
  A ghost moth (Zot:2)
  2 deep elf sorcerers
  3 draconian scorchers
  3 vault wardens
  4 draconian stormcallers
  9 draconian shifters
  3 deep elf elementalists
  An angel (Depths:4)
  6 draconian annihilators
  10 very ugly things
  A reaper (Depths:3)
  9 ironheart preservers
  2 war gargoyles (Vaults:5)
  4 deep elf demonologists
  4 stone giants
  A vampire knight (Depths:2)
  4 green draconians
  10 red draconians
  A lorocyproca (D:2)
  2 spark wasps
  9 black draconians
  4 white draconians
  8 yellow draconians
  3 deep elf annihilators (Elf:3)
  10 purple draconians
  4 deep elf death magi
  2 ettins
  8 fire dragons
  A merfolk impaler (Depths:2)
  A deep elf high priest (Elf:3)
  14 yaktaur captains
  11 ogre magi
  A catoblepas (D:15)
  5 naga warriors
  4 great orbs of eyes
  9 hydras
  9 vault guards
  5 anacondas
  A hell beast (Zot:5)
  Harold (D:8)
  2 ice dragons
  A ghost crab (Swamp:4)
  7 centaur warriors
  2 spriggan air magi (Depths:5)
  29 two-headed ogres
  12 dancing weapons
  4 alligators
  A death knight (D:14)
  3 deep troll shamans
  Erica (D:8)
  5 deep troll earth magi
  A shock serpent (Snake:4)
  2 orc high priests (Elf:2)
  A tengu warrior (D:13)
  A naga sharpshooter (Snake:4)
  A large abomination (D:2)
  A spriggan berserker (Depths:3)
  2 sun demons (Depths:1)
  A small abomination (Elf:3)
  13 deep elf knights
  A soul eater (Depths:3)
  Nergalle (D:11)
  14 slime creatures
  A shadow wraith (Vaults:1)
  3 shadow demons
  6 iron trolls
  2 glowing orange brains
  A hell knight (Depths:5)
  An unseen horror (D:13)
  A flayed ghost (Depths:4)
  A cherub (Depths:4)
  11 deep trolls
  8 ironbrand convokers
  2 wizards
  9 deep elf archers
  A sphinx zombie (Vaults:5)
  A swamp dragon (Swamp:4)
  A phantasmal warrior (Vaults:3)
  A harpy (shapeshifter) (Vaults:4)
  4 orc knights
  2 harpies
  A mana viper (Snake:1)
  A wolf spider zombie (D:15)
  41 deep elf magi
  A necromancer (Vaults:5)
  A mana viper (shapeshifter) (Vaults:2)
  2 wolf spiders (Vaults:3)
  A human zombie (Vaults:5)
  2 orc sorcerers
  An oklob plant (Swamp:3)
  14 ugly things
  5 salamanders
  4 cyclopes
  19 moths of wrath
  3 rust devils
  9 vault sentinels
  3 elephants
  13 black mambas
  A guardian serpent (shapeshifter) (Vaults:3)
  2 guardian serpents
  A smoke demon (Depths:3)
  7 naga magi
  An eye of devastation (shapeshifter) (Depths:3)
  13 spiny frogs
  An orange demon (D:12)
  Maggie (D:7)
  A centaur skeleton (D:15)
  3 freezing wraiths
  A kobold demonologist (Elf:2)
  24 yaktaurs
  A hellwing (Depths:1)
  3 komodo dragons
  4 trolls
  3 hornets
  A polar bear (Lair:2)
  Prince Ribbit (D:7)
  5 hippogriffs
  Grinder (D:6)
  3 bog bodies
  A dream sheep (shapeshifter) (Vaults:5)
  7 blink frogs
  A dream sheep (Lair:6)
  3 tyrant leeches
  2 hippogriffs (shapeshifter)
  An air elemental (Elf:2)
  4 redbacks (Elf:2)
  A ynoxinul (Depths:3)
  7 water elementals
  5 wyverns
  A vampire (D:13)
  23 yaks
  A yak (shapeshifter) (Vaults:4)
  A neqoxec (Depths:3)
  A fire elemental (Elf:1)
  A golden eye (shapeshifter) (Elf:1)
  10 vampire mosquitoes
  Menkaure (D:6)
  3 hungry ghosts
  A steam dragon (D:8)
  5 swamp worms
  Edmund (D:6)
  2 wargs (D:8)
  11 nagas
  5 insubstantial wisps (Swamp:1)
  An acid dragon (Vaults:1)
  A deep troll skeleton (Vaults:1)
  5 water moccasins
  4 ice beasts
  5 porcupines
  A floating eye (shapeshifter) (Vaults:3)
  4 sky beasts
  2 black bears
  12 orc warriors
  5 swamp drakes
  2 necrophages
  16 ogres
  2 boggarts (Elf:2)
  7 centaurs
  3 big kobolds
  5 crocodiles
  2 earth elementals (Elf:1)
  10 bullfrogs
  A wyvern skeleton (D:11)
  A scorpion (D:5)
  13 wights
  14 killer bees
  5 howler monkeys
  2 lava snakes (Lair:4)
  2 crimson imps
  2 bullfrog zombies
  5 centaur zombies
  A quasit (Depths:3)
  7 hounds
  4 jellies
  20 orc wizards
  21 orc priests
  A gnoll shaman (D:1)
  An iron imp (Depths:3)
  2 bullfrog skeletons
  6 worker ants
  8 hell rats
  A killer bee zombie (D:6)
  2 hound skeletons
  Robin (D:3)
  A howler monkey skeleton (D:7)
  12 adders
  5 gnolls (D:2)
  10 shadow imps
  3 white imps
  2 ufetubi
  4 oozes
  2 adder zombies
  An orc zombie (Orc:2)
  2 adder skeletons
  5 worms
  A dart slug (D:3)
  A leopard gecko (D:2)
  53 orcs
  2 ball pythons
  7 bats
  6 giant cockroaches
  13 goblins
  9 hobgoblins
  4 jackals (D:6)
  15 kobolds
  5 quokkas
  3 frilled lizards
  A jackal zombie (D:5)
  A leopard gecko skeleton (D:6)
  3 leopard gecko zombies
  2 rats (D:2)
  A butterfly (Lair:3)
  4 fungi
1165 creatures vanquished.

Vanquished Creatures (collateral kills)
  An orb of fire (Zot:5)
  the Lernaean hydra (Swamp:4)
  Frederick (Vaults:4)
  A curse toe (Zot:5)
  4 golden dragons
  2 electric golems
  3 liches
  2 titans
  5 tentacled monstrosities
  9 Orb Guardians (Zot:5)
  2 deep elf master archers (Elf:3)
  A deep elf blademaster (Elf:3)
  4 quicksilver dragons
  3 sphinxes
  A death cob (Zot:1)
  3 thorn hunters
  6 shadow dragons
  2 storm dragons
  Agnes (D:14)
  A draconian monk (Zot:1)
  3 tengu reavers
  A frost giant (shapeshifter) (Vaults:5)
  6 nagarajas (Snake:4)
  An orc warlord (Orc:1)
  3 deep elf sorcerers
  4 fire giants
  2 draconian knights
  4 draconian scorchers
  An iron dragon (Depths:2)
  A balrug (Depths:1)
  A draconian shifter (Zot:5)
  13 vault wardens
  A cacodemon (Depths:1)
  6 frost giants
  2 deep elf elementalists
  4 draconian annihilators
  A curse skull (Vaults:2)
  A war gargoyle (Vaults:5)
  16 ironheart preservers
  A spriggan defender (Depths:2)
  18 stone giants
  4 very ugly things
  2 deep elf demonologists
  5 black draconians
  2 green draconians
  A purple draconian (Zot:3)
  5 spark wasps
  A red draconian (Zot:3)
  5 deep elf annihilators
  2 white draconians
  2 yellow draconians (Depths:5)
  5 deep elf death magi
  A crystal guardian (Vaults:5)
  A merfolk impaler (Depths:3)
  17 yaktaur captains
  11 fire dragons
  2 great orbs of eyes
  10 ettins
  Fannar (Orc:1)
  12 hydras
  25 vault guards
  Erolcha (D:13)
  3 ghost crabs
  11 ice dragons
  17 naga warriors
  7 anacondas
  3 shambling mangroves
  5 rakshasas
  8 centaur warriors
  16 alligators
  A tengu warrior (D:14)
  5 deep troll shamans
  7 deep troll earth magi
  8 dancing weapons
  11 ogre magi
  2 vampire magi
  36 two-headed ogres
  A shock serpent (Snake:1)
  5 orc high priests
  Urug (Lair:4)
  13 deep elf knights
  7 naga sharpshooters
  A sun demon (Depths:1)
  A soul eater (Depths:2)
  7 iron trolls
  A salamander mystic (Snake:3)
  A hell knight (Depths:5)
  7 shadow wraiths
  A sea snake (shapeshifter) (Vaults:5)
  3 skeletal warriors (D:14)
  3 unseen horrors
  A wizard (Vaults:2)
  2 glowing orange brains
  A spriggan druid (Swamp:3)
  12 naga ritualists
  10 swamp dragons
  A shadow demon (Depths:5)
  21 deep trolls
  11 deep elf archers
  A glowing orange brain (shapeshifter) (Depths:1)
  3 necromancers
  6 orc knights
  6 harpies
  3 flayed ghosts
  A harpy (shapeshifter) (Vaults:4)
  4 phantasmal warriors
  5 ironbrand convokers
  36 deep elf magi
  A shadow dragon zombie (Vaults:5)
  2 oklob plants (Lair:4)
  7 mana vipers
  33 ugly things
  6 orc sorcerers
  A fire giant zombie (Vaults:5)
  A human zombie (Vaults:5)
  A shining eye (shapeshifter) (Vaults:5)
  29 slime creatures
  A wolf spider (Vaults:3)
  A manticore (D:14)
  14 elephants
  A fire giant skeleton (Vaults:5)
  2 cyclopes
  4 centaur zombies
  4 moths of wrath
  11 salamanders
  33 naga magi
  29 black mambas
  An elf zombie (Elf:3)
  A rust devil (D:9)
  A frost giant skeleton (Vaults:1)
  2 molten gargoyles (Lair:4)
  2 gargoyles
  7 guardian serpents
  5 spectral swamp worms (Depths:3)
  2 centaur skeletons
  A torpor snail (shapeshifter) (Depths:4)
  20 spiny frogs
  4 vault sentinels
  A kobold demonologist (Elf:2)
  A komodo dragon (shapeshifter) (Vaults:1)
  2 efreet
  6 komodo dragons
  2 torpor snails (Lair:6)
  A yaktaur (shapeshifter) (Vaults:2)
  4 freezing wraiths
  54 yaktaurs
  3 trolls
  An ice devil (Depths:1)
  2 hellwings
  A yaktaur skeleton (Vaults:5)
  2 tengu conjurers
  13 hornets
  A troll (shapeshifter) (Elf:3)
  10 tyrant leeches
  A sphinx simulacrum (Vaults:2)
  A tengu simulacrum (Vaults:1)
  23 blink frogs
  13 bog bodies
  A meliai zombie (D:15)
  7 dream sheep (Lair:6)
  5 hippogriffs
  A vampire (D:13)
  3 shadows
  3 redbacks (Elf:2)
  12 water elementals
  3 air elementals
  3 wraiths (D:14)
  3 spriggans (Swamp:3)
  29 yaks
  23 vampire mosquitoes
  7 basilisks
  5 wargs
  A swamp worm (shapeshifter) (Depths:5)
  6 swamp worms
  51 nagas
  15 insubstantial wisps
  A soldier ant (D:15)
  3 acid dragons (Zot:2)
  A hell hound (Zot:1)
  6 water moccasins
  2 porcupines
  27 orc warriors
  12 swamp drakes
  A phantom (D:13)
  21 ogres
  2 boggarts
  A necrophage (D:13)
  12 centaurs
  5 crocodiles
  20 bullfrogs
  7 killer bees
  An oklob sapling (Swamp:3)
  3 wights
  An electric eel (Lair:6)
  3 crimson imps
  4 howler monkeys
  7 lava snakes
  A quasit (Depths:1)
  14 orc priests
  A bullfrog skeleton (D:11)
  2 iguanas
  11 orc wizards
  2 worker ants
  2 adders (Snake:4)
  3 shadow imps
  A white imp (Depths:1)
  2 ufetubi
  56 orcs
  A ball python (Snake:4)
  3 jackals (D:11)
  A quokka (D:12)
  4 kobolds
  3 briar patches
  5 bushes
  A butterfly (Lair:3)
  61 fungi
  36 plants
1471 creatures vanquished.

Vanquished Creatures (others)
  4 profane servitors
  10 bone dragons
  2 deep elf sorcerers (Elf:3)
  A draconian knight (Zot:2)
  A draconian scorcher (Zot:1)
  13 ghouls
  6 vampire knights
  5 quicksilver dragon zombies
  3 very ugly thing zombies
  A merfolk javelineer (Depths:3)
  An ice dragon (Depths:1)
  An ogre mage (D:13)
  4 storm dragon zombies
  2 spectral humans
  16 skeletal warriors
  2 anaconda zombies (Snake:4)
  2 spark wasp zombies
  A ghost moth zombie (Zot:2)
  A deep elf archer (Elf:3)
  3 golden dragon zombies
  12 flayed ghosts
  2 shadow dragon zombies (Vaults:5)
  An anaconda skeleton (Snake:4)
  9 phantasmal warriors
  3 sphinx zombies (Vaults:5)
  2 stone giant zombies
  12 ugly thing zombies
  5 deep elf magi
  A shadow dragon skeleton (Vaults:5)
  A fire giant zombie (Depths:1)
  15 draconian zombies
  A frost giant zombie (Vaults:5)
  A green draconian zombie (Zot:5)
  A centaur skeleton (D:14)
  2 black draconian zombies
  A white draconian zombie (Zot:1)
  4 red draconian zombies
  6 yellow draconian zombies
  3 purple draconian zombies
  21 human zombies
  4 redback zombies (Elf:2)
  2 harpy zombies
  2 hydra zombies
  3 ghoul skeletons
  12 moth of wrath zombies
  An ettin zombie (Depths:5)
  3 fire dragon zombies
  3 guardian serpent zombies
  4 deep troll zombies
  6 black mamba zombies
  2 centaur simulacra (D:15)
  2 ice dragon zombies
  13 flying skulls
  25 elf zombies
  2 wraiths
  10 vampires
  9 spiny frog zombies
  6 tengu zombies
  14 two-headed ogre zombies
  A floating eye (shapeshifter) (Depths:2)
  2 hornet zombies
  2 elephant zombies (Lair:4)
  2 swamp dragon zombies (Swamp:4)
  3 blink frog zombies (Lair:6)
  4 elf skeletons
  A blink frog skeleton (Lair:6)
  7 vampire mosquito zombies
  A komodo dragon zombie (Lair:6)
  22 naga zombies (Snake:4)
  18 yaktaur zombies
  A yaktaur skeleton (Depths:2)
  3 water moccasin zombies
  A hippogriff skeleton (Lair:2)
  A wyvern skeleton (Lair:4)
  2 warg zombies
  14 yak zombies
  A troll zombie (D:9)
  A warg skeleton (Orc:2)
  A wight (Lair:6)
  2 yak skeletons
  2 centaur zombies
  4 bullfrog zombies
  2 basilisk zombies (Lair:2)
  3 bullfrog skeletons
  A bog body skeleton (Swamp:2)
  A porcupine skeleton (Lair:4)
  10 killer bee zombies
  2 acid dragon zombies (Zot:2)
  7 ogre zombies
  2 sky beast zombies
  2 crocodile zombies
  4 dwarf skeletons
  A naga skeleton (Snake:4)
  3 ogre skeletons
  A hound skeleton (D:12)
  A mummy (D:9)
  3 hell rat zombies
  A howler monkey zombie (D:10)
  A howler monkey skeleton (D:10)
  2 swamp drake zombies (Swamp:4)
  An electric eel zombie (Lair:6)
  A ball python zombie (Snake:4)
  2 jackal zombies (D:11)
  6 kobold zombies
  6 orc skeletons
  47 orc zombies
  A quokka zombie (D:12)
  38 fungi
  79 plants
629 creatures vanquished.

Grand Total: 3265 creatures vanquished

Notes
Turn   | Place    | Note
-------+----------+-------------------------------------------
     0 | D:1      | Matador8 the Naga Earth Elementalist began the quest for
                  | the Orb.
     0 | D:1      | Reached XP level 1. HP: 15/15 MP: 3/3
   477 | D:1      | Reached XP level 2. HP: 22/22 MP: 1/5
  1109 | D:1      | Learned a level 2 spell: Passwall
  1573 | D:2      | Reached XP level 3. HP: 18/28 MP: 6/6
  1717 | D:1      | Reached XP level 4. HP: 12/36 MP: 1/7
  1725 | D:1      | Learned a level 3 spell: Stone Arrow
  2166 | D:2      | Reached skill level 1 in Short Blades
  2411 | D:2      | Found a bloodstained altar of Trog.
  2425 | D:2      | Found a basalt altar of Yredelemnul.
  2425 | D:2      | Found a burning altar of Makhleb.
  2427 | D:2      | Found a shimmering blue altar of Sif Muna.
  2430 | D:2      | Found a hide-covered altar of Uskayaw.
  2439 | D:2      | Became a worshipper of Yredelemnul the Dark
  3304 | D:3      | Reached XP level 5. HP: 35/42 MP: 8/8
  3485 | D:3      | Noticed Robin
  3509 | D:3      | Killed Robin
  3642 | D:3      | Reached skill level 5 in Stealth
  3642 | D:3      | Reached skill level 1 in Invocations
  3758 | D:3      | Found a white marble altar of Elyvilon.
  3941 | D:3      | Reached * piety under Yredelemnul
  3941 | D:3      | Reached XP level 6. HP: 49/49 MP: 9/9
  4323 | D:4      | Reached skill level 1 in Conjurations
  4377 | D:4      | Reached skill level 5 in Earth Magic
  4822 | D:4      | Reached XP level 7. HP: 40/55 MP: 10/10
  5011 | D:4      | Found a blossoming altar of Fedhas.
  5011 | D:4      | Found an ancient bone altar of Kikubaaqudgha.
  5692 | D:4      | Found a shimmering blue altar of Sif Muna.
  5694 | D:4      | Found a sparkling altar of Nemelex Xobeh.
  5694 | D:4      | Found an ornate altar of the Wu Jian Council.
  5697 | D:4      | Found an iron altar of Okawaru.
  5697 | D:4      | Found an opulent altar of Gozag.
  5697 | D:4      | Found a shimmering altar of Xom.
  5841 | D:5      | Entered Level 5 of the Dungeon
  5956 | D:5      | Reached skill level 1 in Fighting
  5956 | D:5      | Reached XP level 8. HP: 45/64 MP: 6/11
  5978 | D:5      | Found a stormy altar of Qazlal.
  5981 | D:5      | Noticed a water elemental
  5981 | D:5      | Noticed an air elemental
  6288 | D:5      | Found Kutatz's General Store.
  6334 | D:5      | Bought a potion of heal wounds for 55 gold pieces
  6334 | D:5      | Bought a ration for 55 gold pieces
  6334 | D:5      | Bought a scroll of remove curse for 33 gold pieces
  6772 | D:6      | Noticed Edmund
  6794 | D:6      | Killed Edmund
  6794 | D:6      | Reached skill level 2 in Fighting
  6923 | D:6      | Noticed Grinder
  6994 | D:6      | Killed Grinder
  7007 | D:6      | Found a staircase to the Ecumenical Temple.
  7162 | D:6      | Reached ** piety under Yredelemnul
  7957 | D:6      | Noticed Menkaure
  7964 | D:6      | Killed Menkaure
  7964 | D:6      | Reached XP level 9. HP: 68/73 MP: 8/12
  8176 | D:6      | Reached skill level 5 in Maces & Flails
  9003 | D:7      | Noticed Prince Ribbit
  9063 | D:7      | Found Zin's Purification Station.
  9067 | D:7      | Found a glowing silver altar of Zin.
  9070 | D:7      | Bought a potion of curing for 90 gold pieces
  9250 | D:7      | Found a shadowy altar of Dithmenos.
 10007 | D:7      | Noticed Maggie
 10077 | D:7      | Killed Prince Ribbit
 10077 | D:7      | Reached skill level 3 in Fighting
 10591 | D:7      | Killed Maggie
 10591 | D:7      | Reached skill level 4 in Fighting
 10729 | D:8      | Reached XP level 10. HP: 75/87 MP: 11/13
 10740 | D:8      | Reached skill level 5 in Fighting
 10742 | D:8      | Noticed Erica
 11193 | D:8      | Noticed Harold
 11584 | D:8      | Noticed a two-headed ogre
 11593 | D:8      | Killed a two-headed ogre
 11593 | D:8      | Reached skill level 6 in Fighting
 12146 | D:8      | Killed Erica
 12146 | D:8      | Reached *** piety under Yredelemnul
 12146 | D:8      | Reached skill level 1 in Armour
 12233 | D:8      | Learned a level 5 spell: Lee's Rapid Deconstruction
 12537 | D:9      | Reached skill level 7 in Fighting
 12794 | D:9      | Received a gift from Yredelemnul (2 flying skulls)
 12940 | D:9      | Reached XP level 11. HP: 100/100 MP: 14/14
 13758 | D:8      | Killed Harold
 14158 | D:8      | Found a staircase to the Lair.
 14507 | D:10     | Entered Level 10 of the Dungeon
 14513 | D:9      | Reached skill level 5 in Invocations
 14524 | D:10     | Reached skill level 1 in Evocations
 14769 | D:10     | Received a gift from Yredelemnul (a mummy)
 14850 | D:10     | Found a shadowy altar of Dithmenos.
 16485 | Lair:1   | Entered Level 1 of the Lair of Beasts
 16757 | Lair:1   | Noticed a five-headed hydra
 16764 | Lair:1   | Killed a five-headed hydra
 16764 | Lair:1   | Reached skill level 5 in Spellcasting
 16764 | Lair:1   | Reached XP level 12. HP: 79/110 MP: 4/20
 16853 | Lair:1   | Noticed an eight-headed hydra
 16861 | Lair:1   | Killed an eight-headed hydra
 16887 | Lair:1   | Reached **** piety under Yredelemnul
 17275 | Lair:1   | Found a hazy altar of Hepliaklqana.
 17644 | Lair:1   | Reached skill level 8 in Fighting
 18139 | Lair:2   | Found a staircase to the Swamp.
 18230 | Lair:2   | Learned a level 4 spell: Petrify
 18990 | Lair:3   | Received a gift from Yredelemnul (5 flying skulls)
 19484 | Lair:3   | Got a pitted ring mail
 19496 | Lair:3   | Noticed a five-headed hydra
 19506 | Lair:3   | Killed a five-headed hydra
 19682 | Lair:3   | Reached skill level 5 in Transmutations
 19685 | Lair:3   | Reached skill level 10 in Earth Magic
 19691 | Lair:3   | Received a gift from Yredelemnul (a wraith)
 20819 | Lair:4   | Found a staircase to the Snake Pit.
 20838 | Lair:4   | Noticed Urug
 20931 | Lair:4   | Killed Urug
 20931 | Lair:4   | Gained mutation: You can use your snake-like lower body to
                  | constrict enemies. [Naga growth]
 20931 | Lair:4   | Reached XP level 13. HP: 55/117 MP: 7/23
 22055 | Lair:5   | Reached skill level 5 in Armour
 22216 | Lair:5   | Reached skill level 5 in Dodging
 22914 | Lair:5   | Identified Wizardry Continued
 23239 | Lair:5   | Received a gift from Yredelemnul (a wight)
 23259 | Lair:5   | Found a staircase to the Slime Pits.
 23664 | Lair:6   | Entered Level 6 of the Lair of Beasts
 23676 | Lair:6   | Identified the +1 ring mail "Lehequovav" {Int+2} (You found
                  | it on level 3 of the Lair of Beasts)
 24078 | Lair:6   | Reached skill level 9 in Fighting
 24306 | Lair:6   | Received a gift from Yredelemnul (a vampire)
 24509 | Lair:6   | Reached ***** piety under Yredelemnul
 24754 | Lair:6   | Reached skill level 10 in Fighting
 24755 | Lair:6   | Received a gift from Yredelemnul (2 flying skulls)
 25157 | Lair:6   | Reached XP level 14. HP: 123/132 MP: 21/24
 25278 | Lair:6   | Received a gift from Yredelemnul (4 flying skulls)
 25740 | Lair:6   | Got a twitching wooden ring
 25936 | D:8      | Identified the ring "Pofeu" {Int+6 SInv} (You found it on
                  | level 6 of the Lair of Beasts)
 26066 | D:11     | Found Modexare's Armour Emporium.
 26066 | D:11     | Found a staircase to the Orcish Mines.
 26270 | D:11     | Found a large runed translucent door.
 26270 | D:11     | Found a large runed translucent door.
 26274 | D:11     | Noticed Flugkiller's ghost (novice SpEn)
 26592 | D:11     | Noticed Nergalle
 26600 | D:11     | Killed Nergalle
 27469 | D:12     | Got a faintly glowing amethyst amulet
 27953 | Orc:1    | Entered Level 1 of the Orcish Mines
 27998 | Orc:1    | Received a gift from Yredelemnul (a wraith)
 28072 | Orc:1    | Reached skill level 10 in Maces & Flails
 28165 | Orc:1    | Received a gift from Yredelemnul (a phantasmal warrior)
 28324 | Orc:2    | Entered Level 2 of the Orcish Mines
 28601 | Orc:1    | Noticed an orc warlord
 28601 | Orc:1    | Noticed Fannar
 28716 | Orc:2    | Found a staircase to the Elven Halls.
 28899 | Orc:2    | Received a gift from Yredelemnul (a flayed ghost)
 28957 | Orc:2    | Reached ****** piety under Yredelemnul
 28998 | Orc:2    | Found Eddosk's Assorted Antiques.
 28998 | Orc:2    | Found Lennemuca's Gadget Emporium.
 28998 | Orc:2    | Found Dirub's Weapon Emporium.
 29006 | Orc:2    | Received a gift from Yredelemnul (a phantasmal warrior)
 29009 | Orc:2    | Found Urimengi's General Store.
 29048 | Orc:2    | Bought a scroll of identify for 30 gold pieces
 29048 | Orc:2    | Bought a scroll of blinking for 112 gold pieces
 29049 | Orc:2    | Bought a potion of curing for 96 gold pieces
 29049 | Orc:2    | Bought a potion of invisibility for 256 gold pieces
 29049 | Orc:2    | Bought a scroll of identify for 64 gold pieces
 29049 | Orc:2    | Identified the amulet "Laxziug" {Regen+ Str+5} (You found
                  | it on level 12 of the Dungeon)
 29072 | Orc:2    | Bought a shiny helmet for 240 gold pieces
 29072 | Orc:2    | Bought a pair of glowing gloves for 240 gold pieces
 29447 | Orc:2    | Found a roughly hewn altar of Beogh.
 29623 | D:13     | Received a gift from Yredelemnul (a flayed ghost)
 29933 | D:13     | Identified a scroll of acquirement
 30022 | D:13     | Noticed Erolcha
 30026 | D:13     | Killed Erolcha
 30249 | D:13     | Found a gate to the Vaults.
 30263 | D:13     | Received a gift from Yredelemnul (a vampire)
 30585 | D:13     | Found a sacrificial altar of Ru.
 30721 | D:14     | Reached XP level 15. HP: 136/138 MP: 25/25
 30983 | D:14     | Noticed Cofimnas's ghost (journeyman FoFi)
 30988 | D:14     | Found a transporter.
 31002 | D:14     | Found a shadowy altar of Dithmenos.
 31005 | D:14     | Received a gift from Yredelemnul (a vampire knight)
 31123 | D:14     | Noticed Agnes
 31131 | D:14     | Killed Agnes
 31451 | D:14     | Found a transporter.
 31501 | D:15     | Entered Level 15 of the Dungeon
 31952 | D:8      | Got Cosis's Almanac of Lethal Changing
 32392 | Swamp:1  | Entered Level 1 of the Swamp
 32410 | Lair:2   | Received a gift from Yredelemnul (a vampire)
 32707 | Swamp:1  | Reached skill level 1 in Shields
 32745 | Swamp:1  | Received a gift from Yredelemnul (a bone dragon)
 33072 | Swamp:1  | Received a gift from Yredelemnul (a skeletal warrior)
 33498 | Swamp:2  | Noticed a thorn hunter
 33673 | Swamp:2  | Reached skill level 5 in Shields
 33726 | Swamp:2  | Received a gift from Yredelemnul (a bone dragon)
 33912 | Swamp:2  | Killed a thorn hunter
 33983 | Swamp:2  | Received a gift from Yredelemnul (a ghoul)
 34118 | Swamp:2  | You fall into a shaft and drop 1 floor!
 34122 | Swamp:3  | Noticed a thorn hunter
 34130 | Swamp:3  | Killed a thorn hunter
 34943 | Swamp:3  | Received a gift from Yredelemnul (a skeletal warrior)
 35041 | Swamp:3  | Noticed a thorn hunter
 35057 | Swamp:3  | Killed a thorn hunter
 35061 | Swamp:3  | Noticed a thorn hunter
 35075 | Swamp:3  | Killed a thorn hunter
 35075 | Swamp:3  | Reached XP level 16. HP: 66/146 MP: 20/26
 35092 | Swamp:3  | Noticed a thorn hunter
 35108 | Swamp:3  | Killed a thorn hunter
 35603 | Swamp:3  | Received a gift from Yredelemnul (a bone dragon)
 35735 | Swamp:4  | Entered Level 4 of the Swamp
 36127 | Snake:1  | Entered Level 1 of the Snake Pit
 36683 | Snake:1  | Received a gift from Yredelemnul (a bone dragon)
 36944 | Snake:1  | Received a gift from Yredelemnul (a skeletal warrior)
 36945 | Snake:1  | Found Arheinn's Antique Armour Boutique.
 36956 | Snake:1  | Reached skill level 5 in Conjurations
 37527 | Snake:2  | Received a gift from Yredelemnul (a skeletal warrior)
 37919 | Snake:2  | Received a gift from Yredelemnul (a vampire)
 38417 | Snake:3  | Received a gift from Yredelemnul (a ghoul)
 38822 | Snake:3  | Received a gift from Yredelemnul (a vampire)
 40062 | Swamp:4  | Reached skill level 11 in Fighting
 40063 | Swamp:4  | Received a gift from Yredelemnul (a phantasmal warrior)
 40066 | Swamp:4  | Reached skill level 10 in Invocations
 40069 | Swamp:4  | Reached XP level 17. HP: 146/157 MP: 17/27
 40079 | Swamp:4  | Received a gift from Yredelemnul (a vampire)
 40111 | Swamp:4  | Received a gift from Yredelemnul (a phantasmal warrior)
 40120 | Swamp:4  | Killed the 26-headed Lernaean hydra
 40158 | Swamp:4  | Got a decaying rune of Zot
 40251 | Swamp:4  | Received a gift from Yredelemnul (a flayed ghost)
 40420 | Swamp:4  | Got an ichor-stained leather armour
 40446 | Swamp:4  | Identified the +1 leather armour of the Arcane {rPois
                  | Stlth+} (You found it on level 4 of the Swamp)
 40531 | Swamp:4  | Received a gift from Yredelemnul (a ghoul)
 41139 | Snake:4  | Entered Level 4 of the Snake Pit
 41179 | Snake:4  | Noticed Roxanne
 41401 | Snake:4  | Received a gift from Yredelemnul (a phantasmal warrior)
 41426 | Snake:4  | Found Soashross's Armour Boutique.
 41855 | Snake:4  | Reached skill level 10 in Stealth
 41870 | Snake:4  | Received a gift from Yredelemnul (a skeletal warrior)
 42072 | Snake:4  | Received a gift from Yredelemnul (a vampire)
 42072 | Snake:4  | Received a gift from Yredelemnul (a skeletal warrior)
 42249 | Snake:4  | Got a serpentine rune of Zot
 42278 | Snake:4  | Reached skill level 15 in Maces & Flails
 42755 | Vaults:1 | Entered Level 1 of the Vaults
 42755 | Vaults:1 | Found Zaroappo's Food Boutique.
 42901 | Vaults:1 | Received a gift from Yredelemnul (a vampire knight)
 42906 | Vaults:1 | Reached XP level 18. HP: 130/168 MP: 23/28
 43031 | Vaults:1 | Found Voikimuo's Weapon Boutique.
 43117 | Vaults:1 | Found Qytenulo's General Store.
 43240 | Vaults:1 | Received a gift from Yredelemnul (a ghoul)
 43842 | Vaults:1 | Found Esuyqan's Book Shoppe.
 43857 | Vaults:1 | Received a gift from Yredelemnul (a profane servitor)
 44038 | Vaults:1 | Noticed a lich
 44044 | Vaults:1 | Killed a lich
 44169 | Vaults:1 | Got an ancient hat
 44180 | Vaults:1 | Identified the cursed +0 hat of Dust Devil {+Fly Str+3
                  | Dex-4} (You found it on level 1 of the Vaults)
 44197 | Vaults:1 | Found a radiant altar of Vehumet.
 44211 | Vaults:1 | Learned a level 1 spell: Apportation
 44218 | Vaults:1 | Learned a level 6 spell: Iron Shot
 44298 | Vaults:1 | Found Ucsim's Gadget Emporium.
 44494 | Vaults:1 | Received a gift from Yredelemnul (a skeletal warrior)
 45048 | Vaults:2 | Received a gift from Yredelemnul (a skeletal warrior)
 45468 | Vaults:2 | Found a staircase to the Crypt.
 45566 | Vaults:2 | Found Pesoc's Weapon Boutique.
 45610 | Vaults:2 | Received a gift from Yredelemnul (a flayed ghost)
 45610 | Vaults:2 | Received a gift from Yredelemnul (a flayed ghost)
 45665 | Vaults:2 | Found Dovoykk's General Store.
 45667 | Vaults:2 | Found Waesoomau's Antique Armour Emporium.
 45673 | Vaults:2 | Bought a scroll of enchant weapon for 127 gold pieces
 45673 | Vaults:2 | Bought a scroll of fog for 34 gold pieces
 45769 | Vaults:2 | Found Legaem's Weapon Shop.
 45808 | Vaults:2 | Reached skill level 1 in Translocations
 45827 | Vaults:2 | Reached XP level 19. HP: 132/175 MP: 27/31
 46631 | Vaults:2 | Received a gift from Yredelemnul (a flayed ghost)
 46790 | Vaults:3 | Reached skill level 10 in Conjurations
 46791 | Vaults:3 | Reached skill level 12 in Fighting
 46866 | Vaults:3 | Received a gift from Yredelemnul (a ghoul)
 46912 | Vaults:3 | Noticed a lich
 46927 | Vaults:3 | Killed a lich
 47216 | Vaults:3 | Paralysed by a floating eye for 3 turns
 47221 | Vaults:3 | Received a gift from Yredelemnul (a skeletal warrior)
 47228 | Vaults:3 | Received a gift from Yredelemnul (a skeletal warrior)
 47509 | Vaults:3 | Reached skill level 13 in Fighting
 47512 | Vaults:3 | Received a gift from Yredelemnul (a ghoul)
 47552 | Vaults:3 | Learned a level 4 spell: Passage of Golubria
 47657 | Vaults:3 | Found Woteyzo's Antique Armour Shoppe.
 47663 | Vaults:3 | Bought a pair of embroidered gloves for 217 gold pieces
 48013 | Vaults:3 | Reached skill level 5 in Translocations
 48017 | Vaults:3 | Received a gift from Yredelemnul (a phantasmal warrior)
 48064 | Vaults:3 | Noticed Xtahua
 48079 | Vaults:3 | Killed Xtahua
 48753 | Vaults:4 | Reached XP level 20. HP: 175/187 MP: 28/32
 48854 | Vaults:4 | Received a gift from Yredelemnul (a vampire knight)
 48896 | Vaults:4 | Received a gift from Yredelemnul (a flayed ghost)
 48944 | Vaults:4 | Noticed Frederick
 48945 | Vaults:4 | Noticed Sojobo
 48951 | Vaults:4 | Killed Frederick
 48952 | Vaults:4 | Killed Sojobo
 48970 | Vaults:4 | Received a gift from Yredelemnul (a ghoul)
 49011 | Vaults:4 | Your ally Sojobo died
 49561 | Vaults:4 | Noticed Saint Roka
 49593 | Vaults:4 | Killed Saint Roka
 49593 | Vaults:4 | Received a gift from Yredelemnul (a ghoul)
 50135 | D:13     | Learned a level 1 spell: Sandblast
 50143 | D:13     | Learned a level 7 spell: Orb of Destruction
 50334 | Vaults:1 | Bought a potion of heal wounds for 85 gold pieces
 50629 | D:5      | Bought a potion of resistance for 110 gold pieces
 50629 | D:5      | Bought a scroll of blinking for 82 gold pieces
 50896 | Orc:1    | Killed Fannar
 50935 | Elf:1    | Entered Level 1 of the Elven Halls
 50953 | Elf:1    | Received a gift from Yredelemnul (a skeletal warrior)
 51001 | Elf:1    | Noticed Nikola
 51094 | Elf:1    | Received a gift from Yredelemnul (a flayed ghost)
 51290 | Elf:1    | Reached skill level 10 in Armour
 51535 | Elf:1    | Killed Nikola
 51657 | Elf:1    | Found Finnaunk's Food Shop.
 51793 | Elf:1    | Identified the Handbook of Battle Magic and Slavery
 51819 | Elf:1    | Reached skill level 10 in Dodging
 52708 | Elf:2    | Found a runed translucent gate.
 52710 | Elf:2    | Found a runed translucent gate.
 52713 | Elf:2    | Found a runed translucent gate.
 53013 | Elf:2    | Reached XP level 21. HP: 195/195 MP: 33/33
 53081 | Elf:2    | Found a shimmering blue altar of Sif Muna.
 53159 | Elf:2    | Received a gift from Yredelemnul (a vampire)
 53171 | Elf:2    | Got a translucent jade amulet
 53245 | Elf:2    | Identified the amulet of Obatilux {RegenMP Fragile rPois
                  | rF+} (You found it on level 2 of the Elven Halls)
 53411 | Elf:2    | Received a gift from Yredelemnul (a ghoul)
 53500 | Elf:2    | Reached skill level 14 in Fighting
 53509 | Elf:2    | Received a gift from Yredelemnul (a phantasmal warrior)
 53886 | Elf:3    | Entered Level 3 of the Elven Halls
 54016 | Elf:3    | Received a gift from Yredelemnul (a profane servitor)
 54198 | Elf:3    | Noticed Mara
 54211 | Elf:3    | Killed Mara
 54329 | Elf:3    | Reached skill level 15 in Invocations
 54677 | Elf:3    | Received a gift from Yredelemnul (a phantasmal warrior)
 54700 | Elf:3    | Reached skill level 15 in Fighting
 55119 | Elf:3    | Identified the +10 short sword "Xafairy" {vamp, +Inv rPois
                  | MR++}
 55419 | Elf:3    | Identified the +6 falchion "Weniox" {antimagic, Str+7}
 55542 | Elf:3    | Identified the +5 chain mail of Gesuimp {Harm rN+++ MP-9
                  | Dex+4}
 55561 | Elf:3    | Reached skill level 16 in Fighting
 55587 | Elf:3    | Found the +2 cloak of the Thief {+Fog Slay-2 SInv Stlth+}
 55645 | Elf:3    | Identified the Handbook of Attacks and Intoxication
 55666 | Elf:3    | Got an ancient plate armour
 55728 | Elf:3    | Identified the Disquisition on the Mountains
 55731 | Elf:3    | Identified the Tome of Attacks and Calling
 55942 | Orc:1    | Your ally Fannar died
 56076 | Orc:2    | Bought a potion of mutation for 256 gold pieces
 56079 | Orc:2    | Bought a scroll of teleportation for 45 gold pieces
 56317 | D:13     | Identified the cursed +0 plate armour of Nomyenyc {+Inv
                  | rC+++ Int-2 SInv} (You found it on level 3 of the Elven
                  | Halls)
 56982 | D:15     | Got a coiled sapphire amulet
 57070 | D:15     | Received a gift from Yredelemnul (a profane servitor)
 57102 | D:15     | Reached XP level 22. HP: 158/213 MP: 34/34
 57455 | D:15     | Received a gift from Yredelemnul (a bone dragon)
 57491 | D:15     | Found a staircase to the Depths.
 57520 | Depths:1 | Entered Level 1 of the Depths
 57565 | Depths:1 | Received a gift from Yredelemnul (a flayed ghost)
 57851 | Depths:1 | Found a one-way gate to the infinite horrors of the Abyss.
 57905 | Depths:1 | Found a one-way gate leading to the halls of Pandemonium.
 58015 | Depths:1 | Found a gateway to Hell.
 58193 | Depths:1 | Received a gift from Yredelemnul (a ghoul)
 59052 | Depths:2 | Received a gift from Yredelemnul (a vampire)
 59212 | Depths:2 | Received a gift from Yredelemnul (a skeletal warrior)
 59609 | Depths:2 | Received a gift from Yredelemnul (a bone dragon)
 59736 | Depths:2 | Found the ring of Robustness {AC+8}
 60196 | Depths:3 | Identified the amulet of Sutaulal {Acrobat Int+5} (You
                  | found it on level 15 of the Dungeon)
 60309 | Depths:3 | Received a gift from Yredelemnul (a bone dragon)
 60510 | Depths:3 | Received a gift from Yredelemnul (a vampire)
 61041 | Depths:3 | Received a gift from Yredelemnul (a profane servitor)
 61053 | Depths:3 | Reached XP level 23. HP: 163/220 MP: 14/35
 61823 | Depths:4 | Reached skill level 15 in Earth Magic
 62050 | Depths:4 | Received a gift from Yredelemnul (a ghoul)
 62065 | Depths:4 | Reached skill level 15 in Conjurations
 62133 | Depths:4 | Found a transporter.
 62135 | Depths:4 | Found a radiant altar of Vehumet.
 62340 | Depths:4 | Received a gift from Yredelemnul (a skeletal warrior)
 62625 | Depths:4 | Found a gateway to a ziggurat.
 62759 | Depths:4 | Noticed an ancient lich
 62787 | Depths:5 | Entered Level 5 of the Depths
 62868 | Depths:5 | Received a gift from Yredelemnul (a vampire knight)
 63311 | Depths:5 | Got a bound turquoise ring
 63313 | Depths:5 | Identified the ring "Wobb" {rPois rC+ Int+4 Stlth-} (You
                  | found it on level 5 of the Depths)
 63633 | Depths:5 | Received a gift from Yredelemnul (a vampire knight)
 63707 | Depths:5 | Found a gate to the Realm of Zot.
 63707 | Depths:5 | Noticed a golden dragon
 63710 | Depths:5 | Killed a golden dragon
 64458 | Vaults:5 | Entered Level 5 of the Vaults
 64484 | Vaults:4 | Received a gift from Yredelemnul (a flayed ghost)
 64583 | Vaults:5 | Reached skill level 10 in Spellcasting
 64585 | Vaults:5 | Reached skill level 5 in Evocations
 64610 | Vaults:5 | Received a gift from Yredelemnul (a phantasmal warrior)
 64631 | Vaults:5 | Received a gift from Yredelemnul (a vampire knight)
 64648 | Vaults:5 | Identified the ring of Sin {AC+4 Str+5}
 64856 | Vaults:5 | Reached XP level 24. HP: 231/231 MP: 37/37
 65076 | Vaults:5 | Got a silver rune of Zot
 65299 | Vaults:5 | Received a gift from Yredelemnul (a skeletal warrior)
 65744 | Vaults:5 | Identified the ring of Gyihis Wuru {Int+2 Stlth-}
 66335 | Vaults:5 | Reached skill level 17 in Fighting
 66335 | Vaults:5 | Received a gift from Yredelemnul (a bone dragon)
 66362 | Vaults:5 | Learned a level 2 spell: Blink
 66882 | Vaults:2 | Bought a phantom mirror for 510 gold pieces
 66882 | Vaults:2 | Bought a potion of might for 68 gold pieces
 67134 | Vaults:3 | Bought a smelly chain mail for 275 gold pieces
 67144 | Vaults:3 | Identified the +7 chain mail of the Lizard {SInv} (You
                  | bought it in a shop on level 3 of the Vaults)
 67316 | Vaults:1 | Bought a ration for 70 gold pieces
 67316 | Vaults:1 | Bought a ration for 70 gold pieces
 67316 | Vaults:1 | Bought a ration for 70 gold pieces
 67316 | Vaults:1 | Bought a ration for 70 gold pieces
 67316 | Vaults:1 | Bought a ration for 70 gold pieces
 67316 | Vaults:1 | Bought a ration for 70 gold pieces
 67316 | Vaults:1 | Bought a ration for 70 gold pieces
 67316 | Vaults:1 | Bought a ration for 70 gold pieces
 67316 | Vaults:1 | Bought a ration for 70 gold pieces
 67316 | Vaults:1 | Bought a ration for 70 gold pieces
 67571 | Orc:2    | Bought a potion of brilliance for 128 gold pieces
 67574 | Orc:2    | Bought a phantom mirror for 480 gold pieces
 67657 | Elf:1    | Bought a ration for 60 gold pieces
 67657 | Elf:1    | Bought a ration for 60 gold pieces
 67657 | Elf:1    | Bought a ration for 60 gold pieces
 68964 | Zot:1    | Entered Level 1 of the Realm of Zot
 68983 | Zot:1    | Noticed an orb of fire
 68989 | Zot:1    | Gained mutation: You are dopey. (Int -2) [an orb of fire]
 68998 | Zot:1    | Killed an orb of fire
 69627 | Zot:1    | Received a gift from Yredelemnul (a skeletal warrior)
 70601 | Zot:2    | Received a gift from Yredelemnul (a flayed ghost)
 70721 | Zot:2    | Reached XP level 25. HP: 221/242 MP: 27/37
 70987 | Zot:2    | Received a gift from Yredelemnul (a bone dragon)
 71562 | Zot:2    | Received a gift from Yredelemnul (a flayed ghost)
 71571 | Zot:2    | Identified the Grimoire of the Entrancing Mountains
 71823 | Zot:2    | Identified the ring of Umuluow {*Slow Str+6 Int+6 Dex+5}
 72009 | Zot:2    | Identified the Volume of the Volcanoes and Dislocation
 72308 | Zot:2    | Upgraded the game from 0.25.0-11-g1f837a76a1 to
                  | 0.25.0-15-gac7dcb8919
 72335 | Zot:3    | Reached skill level 18 in Fighting
 74745 | Zot:5    | Entered Level 5 of the Realm of Zot
 75269 | Zot:5    | Reached XP level 26. HP: 122/255 MP: 29/37
 76196 | Zot:5    | Noticed a Killer Klown
 76208 | Zot:5    | Killed a Killer Klown
 76296 | Zot:5    | Noticed an ancient lich
 76301 | Zot:5    | Killed an ancient lich
 76301 | Zot:5    | Reached skill level 19 in Fighting
 76301 | Zot:5    | Received a gift from Yredelemnul (a ghoul)
 76867 | Zot:5    | Noticed a Killer Klown
 76959 | Zot:5    | Killed a Killer Klown
 77159 | Zot:5    | Noticed an orb of fire
 77173 | Zot:5    | Gained mutation: You are frail. (-10% HP) [an orb of fire]
 77179 | Zot:5    | Gained mutation: Your movements are slightly less
                  | encumbered by armour. (ER -2) [an orb of fire]
 77180 | Zot:5    | Killed an orb of fire
 77643 | Zot:5    | Noticed a Killer Klown
 77689 | Zot:5    | Killed a Killer Klown
 77785 | Zot:5    | Noticed an orb of fire
 77821 | Zot:5    | Killed an orb of fire
 77946 | Zot:5    | Noticed an ancient lich
 77967 | Zot:5    | Killed an ancient lich
 78107 | Zot:5    | Received a gift from Yredelemnul (a ghoul)
 78344 | Zot:5    | Noticed a Killer Klown
 78346 | Zot:5    | Noticed an orb of fire
 78348 | Zot:5    | Noticed an orb of fire
 78672 | Zot:5    | Gained mutation: You can translocate small distances at
                  | will. [an orb of fire]
 78745 | Zot:5    | Killed a Killer Klown
 78746 | Zot:5    | Received a gift from Yredelemnul (a skeletal warrior)
 79167 | Zot:5    | Noticed an orb of fire
 79168 | Zot:5    | Gained mutation: Your magical capacity is low. (-10% MP)
                  | [an orb of fire]
 79199 | Zot:5    | Noticed an ancient lich
 79678 | Zot:5    | Noticed an ancient lich
 79690 | Zot:5    | Killed an ancient lich
 79690 | Zot:5    | Reached XP level 27. HP: 121/239 MP: 15/33
 79699 | Zot:5    | Killed an orb of fire
 79706 | Zot:5    | Noticed an ancient lich
 79708 | Zot:5    | Killed an ancient lich
 79722 | Zot:5    | Killed an ancient lich
 79977 | Zot:5    | Reached skill level 20 in Fighting
 79980 | Zot:5    | Gained mutation: You are very frail. (-20% HP) [an orb of
                  | fire]
 79993 | Zot:5    | Gained mutation: You are weak. (Str -2) [an orb of fire]
 80006 | Zot:5    | Gained mutation: You are very weak. (Str -4) [an orb of
                  | fire]
 80015 | Zot:5    | Killed an orb of fire
 80015 | Zot:5    | Received a gift from Yredelemnul (a bone dragon)
 80309 | Zot:5    | Got the Orb of Zot
 80322 | Zot:5    | Noticed Naoso Besa the pandemonium lord
 80342 | Zot:5    | Lost mutation: You are very weak. (Str -4) [potion of
                  | mutation]
 80342 | Zot:5    | Lost mutation: You are dopey. (Int -2) [potion of mutation]
 80342 | Zot:5    | Lost mutation: You are weak. (Str -2) [potion of mutation]
 80342 | Zot:5    | Gained mutation: You are resistant to hostile enchantments.
                  | (MR+) [potion of mutation]
 80342 | Zot:5    | Gained mutation: You are dopey. (Int -2) [potion of
                  | mutation]
 80342 | Zot:5    | Lost mutation: You are dopey. (Int -2) [potion of mutation]
 80343 | Zot:5    | Lost mutation: You are very frail. (-20% HP) [potion of
                  | mutation]
 80343 | Zot:5    | Lost mutation: Your magical capacity is low. (-10% MP)
                  | [potion of mutation]
 80343 | Zot:5    | Lost mutation: You can translocate small distances at will.
                  | [potion of mutation]
 80343 | Zot:5    | Gained mutation: You are partially covered in rugged brown
                  | scales. (AC +1, +3% HP) [potion of mutation]
 80343 | Zot:5    | Gained mutation: Your mind is acute. (Int +2) [potion of
                  | mutation]
 80499 | Zot:1    | Noticed Erchur the pandemonium lord
 80557 | Depths:5 | Noticed Udwitub the pandemonium lord
 80607 | Depths:4 | Noticed a seraph
 80622 | Depths:4 | Killed a seraph
 80668 | Depths:4 | Noticed Radwuwn the pandemonium lord
 80711 | Depths:2 | Noticed Kudyduko the pandemonium lord
 80751 | D:15     | Noticed Datuschir the pandemonium lord
 80889 | D:11     | Your ally Nergalle died
 81002 | D:9      | Noticed Sihuw the pandemonium lord
 81110 | D:6      | Noticed Maemmova the pandemonium lord
 81210 | D:2      | Received a gift from Yredelemnul (a profane servitor)
 81267 | D:1      | Reached skill level 21 in Fighting
 81271 | D:$      | Escaped with the Orb!

Illustrated notes

Levels and vault maps discovered:
D:1:      dpeg_arrival_lava_altar, layout_basic
D:2:      layout_basic, minitemple, serial_forest,
          infiniplex_forest_clump_double, infiniplex_forest_straight_3,
          infiniplex_forest_end_2, infiniplex_forest_straight_1,
          infiniplex_forest_lined_4_way, minivault_4
D:3:      minmay_evil_eye, layout_loops_ring, elyvilon_altar_3, uniq_robin
D:4:      layout_basic, grunt_temple_overflow_growth_and_decay, first_ration,
          doesnt_xom_only_xom
D:5:      layout_basic, nicolae_qazlal_style_of_elements, serial_shops,
          nicolae_shop_waterfront
D:6:      layout_basic, minmay_temple_entry_glass, uniq_edmund, uniq_menkaure,
          uniq_grinder
D:7:      layout_basic, old_standard_altar, zin_purify, uniq_prince_ribbit1,
          uniq_maggie
D:8:      layout_loops_ring, erik_lair_orcish_takeover, uniq_erica, uniq_harold
D:9:      cheibrodos_iron_armory, layout_basic
D:10:     layout_roguey, basic_altar
D:11:     layout_stronghold, orc_david_3, ebering_ghost_disaster_area,
          grunt_ogre_cave, uniq_nergalle
D:12:     layout_basic
D:13:     layout_loops_ring, grunt_vaults_entry_fortified,
          nicolae_ru_the_path_less_chosen, uniq_erolcha
D:14:     layout_cave_pools, nicolae_dithmenos_shadow_blocks,
          gammafunk_ghost_stat_death, uniq_agnes
D:15:     grunt_enter_depths_hoard, layout_basic, nrook_campfire,
          hangedman_weighted_door, hangedman_abyss_or_decor_lesser_grid,
          drop_trap, minmay_misc_feat_hallway, dispersion_dpeg
Lair:1:   layout_regular_city, lemuel_centaur_altar
Lair:2:   minmay_lair_oklob_tunnel, layout_cave_pods, swamp_mist
Lair:3:   layout_regular_city, infiniplex_staircase_pool_2, lemuel_fruit_fields,
          lemuel_fruit_tree
Lair:4:   cheibrodos_magma_flow, layout_misc_corridors,
          minmay_snake_entry_spellcaster, serial_rivers,
          chequers_serial_rivers_micro_c, chequers_serial_rivers_room_a,
          chequers_serial_rivers_large_a, chequers_serial_rivers_marsh,
          chequers_serial_rivers_small_a, chequers_serial_rivers_small_a,
          st_stairs_10, minmay_lair_oklob_chamber, uniq_urug
Lair:5:   layout_long_grid, slime_dummy, enter_volcano_4, grunt_megastairs_4
Lair:6:   minmay_lair_end_frog_pond, layout_cellular_growth,
          portal_ice_cave_entry_pillars_2
Swamp:1:  layout_basic_swamp, serial_swamp_ruin, evilmike_swamp_ruin_house_3,
          evilmike_swamp_ruin_house_2, infiniplex_staircase_pool
Swamp:2:  layout_basic_swamp, hangedman_swamp_lotus
Swamp:3:  nicolae_swamp_phyte_club, layout_basic_swamp,
          nicolae_swamp_orc_logging_accident, swamp_pool1, hangedman_swamp_cone
Swamp:4:  grunt_swamp_rune_castle, layout_basic_swamp, swamp_pool1
Snake:1:  layout_onion, serial_shops, shop_statue
Snake:2:  layout_misc_corridors, drop_trap
Snake:3:  layout_concentric_octagons
Snake:4:  snake_pit, layout_cave_town, serial_shops, shop,
          nicolae_snake_lava_pool, grunt_megastairs_3, uniq_roxanne
Orc:1:    layout_diamond_mine, nicolae_orc_flooded_monolith, uniq_fannar
Orc:2:    st_orc_mages, layout_diamond_mine, minmay_orc_temple_b
Elf:1:    layout_geoelf_octagon, serial_shops, shop, minmay_elf_sorcery,
          uniq_nikola
Elf:2:    layout_geoelf_octagon, drop_trap, hangedman_summoners_spam
Elf:3:    minmay_elf_hall, layout_loops_cross, grunt_ministairs_6, minivault_19,
          minmay_strange_pillars, uniq_mara
Vaults:1: nicolae_vaults_hallways_thing, vaults_dpeg_diagonal,
          vaults_standard_mumra_lines, grunt_tower_of_power,
          vaults_standard_mumra_x, nicolae_vaults_what_the_h,
          vaults_room_grunt_arrival_ludios, hangedman_vaults_maws,
          layout_vaults_omnigrid, serial_shops, nicolae_shop_waterfront,
          nicolae_shop_stone, nicolae_shop_trees, shop, nicolae_shop_trees
Vaults:2: vaults_dpeg_cross, minmay_crypt_entry_simple_plaza,
          ontoclasm_vaults_chip, v_misc_14, nicolae_vaults_little_squares_2,
          nicolae_vaults_an_arrangement, ontoclasm_vaults_shuriken,
          ontoclasm_vaults_ligature, v_alt_pattern_5, v_misc_28,
          nicolae_vaults_rhombus_5, ontoclasm_vaults_ring_small,
          layout_vaults_omnicross, serial_shops, shop, nicolae_shop_crystal,
          shop_statue, nicolae_shop_window_shopping
Vaults:3: v_misc_5, st_eye, hangedman_vaults_stitches, vaults_mumra_hexcomb,
          nicolae_vaults_ninety_degrees, nicolae_vaults_network_s,
          vaults_room_octagon, v_misc_22, vaults_room_hallway,
          vaults_mumra_minichess_inversion, nicolae_vaults_little_squares_6,
          nicolae_vaults_specimen_jars, layout_vaults_maze_bifur, serial_shops,
          shop, uniq_xtahua
Vaults:4: sword_in_stone, vaults_mumra_hex, hangedman_vaults_nodes, v_misc_14,
          hangedman_vaults_slice, v_misc_23, ontoclasm_vaults_twist, v_rooms_2,
          hangedman_vaults_capsules, v_misc_2, vaults_mumra_lcd,
          layout_vaults_ring, uniq_saint_roka
Vaults:5
Depths:1: layout_cave_pools, lightli_too_deep, kennysheep_cross_room,
          grunt_pan_entry_spiral, abyss_entry, evilmike_minifort
Depths:2: evilmike_cross, layout_cave_pools, hangedman_abyss_or_decor_slice,
          hell_entry, minmay_guarded_unrand_robustness
Depths:3: minmay_two_paths, layout_basic, mu_enter_wizlab_6,
          grunt_pan_entry_zigzag, abyss_entry_small_statue_room,
          pf_hell_entry_tar_river, minmay_crystal_water, lemuel_nasty_fountain
Depths:4: gammafunk_sealed_library, layout_gridlike, enter_ziggurat_f,
          hell_entry, hangedman_abyss_entry_splay
Depths:5: grunt_bruiser_brothers, layout_cave_shapes, hell_entry,
          rand_demon_pan_entry_5, chequers_serial_rivers_small_3, uniq_margery
Zot:1:    layout_gridville
Zot:2:    layout_misc_corridors, st_large_dragon_hoard_4
Zot:3:    layout_twisted_circle
Zot:4:    layout_gridlike
Zot:5:    layout_twisted_circle

Skill      XL: |  1  2  3  4  5  6  7  8  9 10 11 12 13 14 15 16 17 18 19 20 21 22 23 24 25 26 27 |
---------------+----------------------------------------------------------------------------------+-----
Transmutations | 2 6 |  6.1
Earth Magic    | 4 5 7 8 10 11 12 14 15 17 19 | 19.1
Stealth        | 4 5 7 10 11 | 11.3
Short Blades   | 1 2 |  2.0
Invocations    | 1 3 4 7 10 11 13 14 15 16 | 16.3
Conjurations   | 2 3 4 7 9 11 12 14 15 17 18 19 | 19.3
Fighting       | 1 2 4 7 8 10 11 13 16 17 18 19 21 | 21.0
Maces & Flails | 4 8 12 14 15 16 | 16.0
Armour         | 2 3 6 7 10 | 10.3
Dodging        | 3 5 7 10 | 10.6
Evocations     | 4 6 |  6.0
Spellcasting   | 5 7 8 10 | 10.7
Shields        | 7 9 |  9.0
Translocations | 1 5 |  5.1

Action                   |  1- 3 |  4- 6 |  7- 9 | 10-12 | 13-15 | 16-18 | 19-21 | 22-24 | 25-27 || total
-------------------------+-------+-------+-------+-------+-------+-------+-------+-------+-------++-------
Melee: Unarmed           |    12 |       |       |       |       |       |       |       |       ||    12
       Short sword       |     8 |    72 |   112 |       |       |       |       |       |       ||   192
       Whip              |       |       |    55 |       |       |       |       |       |       ||    55
       Flail             |       |       |    40 |   358 |   569 |       |       |       |       ||   967
       Constrict         |       |       |       |       |   199 |   154 |   178 |   142 |   100 ||   773
       Eveningstar       |       |       |       |       |   164 |   680 |   889 |  1022 |   864 ||  3619
Throw: Stone             |     3 |       |    17 |    16 |    13 |    10 |     4 |     5 |    10 ||    78
 Cast: Sandblast         |    17 |    48 |    73 |   121 |    57 |     1 |    10 |    14 |     3 ||   344
       Passwall          |       |       |     5 |     3 |       |       |       |     1 |    20 ||    29
       Stone Arrow       |       |       |    16 |    61 |    66 |    24 |    25 |     8 |    10 ||   210
       Lee's Rapid Decon |       |       |       |     3 |     7 |    15 |    31 |    35 |    11 ||   102
       Iron Shot         |       |       |       |       |       |       |     7 |    40 |    67 ||   114
       Passage of Golubr |       |       |       |       |       |       |     1 |     1 |       ||     2
       Apportation       |       |       |       |       |       |       |       |     2 |       ||     2
       Blink             |       |       |       |       |       |       |       |     1 |     3 ||     4
       Orb of Destructio |       |       |       |       |       |       |       |       |     3 ||     3
Invok: Animate Dead      |       |       |       |    43 |   125 |    73 |    75 |    98 |    47 ||   461
       Recall Undead Sla |       |       |       |     8 |    16 |    25 |    32 |    28 |    21 ||   130
       Injury Mirror     |       |       |       |     1 |       |       |       |       |       ||     1
       Animate Remains   |       |       |       |     1 |       |       |       |       |       ||     1
       Drain Life        |       |       |       |       |     2 |     8 |    19 |    22 |    28 ||    79
       Enslave Soul      |       |       |       |       |       |       |       |     2 |       ||     2
 Abil: Spit Poison       |    15 |    24 |    31 |    14 |     7 |     3 |       |     1 |     1 ||    96
Evoke: Wand              |       |       |       |     3 |     1 |     1 |     6 |     1 |     3 ||    15
  Use: Scroll            |       |       |    10 |    13 |    13 |    14 |     8 |    19 |    18 ||    95
       Potion            |       |       |     4 |     2 |     1 |     4 |     6 |     9 |    28 ||    54
 Stab: Sleeping          |     3 |    11 |     6 |    14 |    17 |    21 |    23 |     7 |     2 ||   104
       Distracted        |       |     1 |       |     9 |    27 |    22 |    20 |    33 |    12 ||   124
       Confused          |       |       |       |       |     4 |       |     1 |       |       ||     5
       Paralysed         |       |       |       |       |       |       |     4 |     1 |       ||     5
  Eat: Chunk             |     3 |    10 |    16 |    23 |    28 |    10 |    21 |     7 |       ||   118
       Ration            |       |       |     1 |     7 |    16 |    14 |    14 |    26 |    19 ||    97
Armor: Robe              |     6 |    12 |    44 |       |       |       |       |       |       ||    62
       Steam dragon scal |       |       |     3 |   205 |   298 |   262 |   147 |       |       ||   915
       Scale mail        |       |       |       |       |       |    12 |   152 |   252 |       ||   416
       Fire dragon scale |       |       |       |       |       |       |       |   200 |   505 ||   705
Dodge: Dodged            |    11 |    54 |   112 |   312 |   458 |   331 |   409 |   370 |   336 ||  2393
Block: Kite shield       |       |       |       |       |       |   414 |   417 |   459 |   393 ||  1683
